 Dungeon Crawl Stone Soup version 0.31-a0-859-g9dce7d3444 (webtiles) character file.

Game seed: 2116882089064472700

771 promet the Grave Robber (level 7, 0/35 HPs)
             Began as a Vine Stalker Necromancer on Oct 9, 2023.
             Slain by a sky beast (3 damage)
             ... on level 6 of the Dungeon.
             The game lasted 00:31:40 (7181 turns).

promet the Grave Robber (Vine Stalker Necromancer)  Turns: 7181, Time: 00:31:41

Health: 0/35       AC:  6    Str: 11    XL:     7   Next: 83%
Magic:  0/15       EV: 12    Int: 17    God:
Gold:   388        SH:  0    Dex: 14    Spells: 9/15 levels left

rFire   . . .        a - +2 hand axe (freeze)
rCold   . . .        (no shield)
rNeg    . . .        e - +0 robe
rPois   .            q - +1 helmet
rElec   .            (no cloak)
rCorr   .            (no gloves)
SInv    .            o - +1 pair of boots
Will    .....        k - amulet of the acrobat
Stlth   ++           (no ring)
HPRegen 1.05/turn    (no ring)
MPRegen 0.14/turn

%: acrobat, guardian spirit
@: no status effects
A: fangs 2, regeneration 1, magic shield, antimagic bite, no potion heal 2
a: no special abilities


You were on level 6 of the Dungeon.
You visited 1 branch of the dungeon, and saw 6 of its levels.

You collected 388 gold pieces.

Inventory:

Hand Weapons
 a - a +2 hand axe of freezing (weapon)
 b - a +0 mace
 f - a +0 war axe
 j - a +0 trident
 r - a +0 short sword
 z - a +0 spear of flaming
Missiles
 d - 40 stones
 h - a throwing net
 m - 5 atropa-tipped darts
 p - 2 poisoned darts
Armour
 e - a +0 robe (worn)
 o - a +1 pair of boots (worn)
 q - a +1 helmet (worn)
 x - an orb of mayhem
Jewellery
 k - an amulet of the acrobat (around neck)
Wands
 w - a wand of flame (3) (quivered)
Scrolls
 c - a scroll of enchant armour
 g - a scroll of fog {unknown}
 l - 2 scrolls of amnesia
 s - a scroll of immolation
 t - a scroll of noise {unknown}
 u - a scroll of vulnerability {unknown}
 v - a scroll of enchant weapon {unknown}
 y - a scroll of teleportation {unknown}
Potions
 i - 4 potions of curing


   Skills:
 * Level 2.6 Fighting
 + Level 0.5 Short Blades
 + Level 1.0 Axes
 + Level 0.4 Throwing
 + Level 2.3 Dodging
 + Level 3.4 Stealth
 + Level 4.8 Spellcasting
 + Level 6.1 Necromancy
 * Level 2.0 Fire Magic
 + Level 0.6 Evocations


You had 9 spell levels left.
You knew the following spells:

 Your Spells              Type           Power      Damage    Failure   Level
a - Necrotise             Necr           96%        1d8       1%          1
b - Vampiric Draining     Necr           24%        2d7       3%          3
c - Scorch                Fire           20%        2d5       10%         2

Your spell library contained the following spells:

 Spells                   Type           Power      Damage    Failure   Level
 Cigotuvi's Dreadful Rot  Necr/Pois/Air  22%        N/A       10%         2
 Animate Dead             Necr           24%        N/A       12%         4
 Apportation              Tloc           8%         N/A       14%         1
 Freeze                   Ice            16%        1d4       14%         1
 Summon Small Mammal      Summ           16%        N/A       14%         1
 Jinxbite                 Hex            8%         N/A       22%         2
 Ignite Poison            Fire/Tmut/Pois 6%         N/A       32%         3
 Agony                    Necr           24%        N/A       32%         5
 Call Canine Familiar     Summ           4%         N/A       41%         3
 Frozen Ramparts          Ice            8%         1d2       41%         3
 Hailstorm                Conj/Ice       4%         3d4       41%         3
 Summon Guardian Golem    Hex/Summ       4%         N/A       41%         3
 Flame Wave               Conj/Fire      7%         2d5       67%         4
 Alistair's Intoxication  Tmut/Pois      2%         N/A       99%         5
 Freezing Cloud           Conj/Ice/Air   2%         6-21      99%         5
 Summon Cactus Giant      Summ           2%         N/A       100%        6


Dungeon Overview and Level Annotations

Branches:
Dungeon (6/15)             Temple (0/1) D:5

Altars:
Nemelex Xobeh
Okawaru
Uskayaw

Shops:
D:3 [

Annotations:
D:4 Menkaure


Innate Abilities, Weirdness & Mutations

You have extremely sharp teeth.
Your natural rate of healing is unusually fast.
When hurt, damage is shared between your health and your magic reserves.
Your bite disrupts and absorbs the magic of your enemies.
Potions cannot restore your health.


Message History

Something shocks you.
You closely miss something. Something hits you but does no damage.
You hit something but do no damage. Your bite misses something.
Something hits you but does no damage.
You closely miss something. You bite something. You drain its power.
You feel invigorated. Something hits you but does no damage.
Something hits you. Something shocks you.
You completely miss something. Your bite misses something. Something hits you.
Something shocks you.
Casting: Necrotise (safe; 1% risk of failure)
Confirm with . or Enter, or press ? or * to list all spells.
You can't see any susceptible monsters within range! (Use Z to cast anyway.)
You barely miss something. Your bite misses something.
A sky beast appears from thin air!
Reactivating autopickup.
The sky beast hits you. The sky beast shocks you.
* * * LOW HITPOINT WARNING * * *
You closely miss the sky beast. Your bite misses the sky beast.
The sky beast is moderately wounded.
The sky beast barely misses you.
Casting: Necrotise (safe; 1% risk of failure)
Confirm with . or Enter, or press ? or * to list all spells.
You don't have enough magic to cast this spell.
Okay, then.
You miss the sky beast. You bite the sky beast. You drain its power.
You feel invigorated.
The sky beast is moderately wounded.
The sky beast hits you but does no damage.
The sky beast flickers out of sight!
Deactivating autopickup; reactivate with Ctrl-A.
Something hits you. Something shocks you.
* * * LOW HITPOINT WARNING * * *
Okay, then.
It was a potion of heal wounds.
That seemed strangely inert.
Something hits you but does no damage.
You slash something! You freeze something. You bite something.
You drain its power.
You feel invigorated. Something hits you.
* * * LOW HITPOINT WARNING * * *
Something shocks you.
You die...

#..# #........
####.######.##
#........
#.......###..#
#........
#........##..#
#........
#........##.###........
#........##........
#.......##.#######
#......#..# #..{@....##
###.....## ####.## ###


There were no monsters in sight!

Vanquished Creatures
  Grinder (D:6)
  A black bear (D:6)
  A howler monkey (D:5)
  A hound (D:4)
  A gnoll bouda (D:5)
  A sleepcap (D:6)
  An orc wizard (D:6)
  3 iguanas
  7 gnolls
  12 adders
  A white imp (D:6)
  3 worms (D:5)
  A dart slug (D:4)
  6 orcs
  7 ball pythons
  7 endoplasms
  4 giant cockroaches
  10 goblins
  7 hobgoblins
  4 jackals
  5 bats
  2 frilled lizards
  6 kobolds
  6 rats
98 creatures vanquished.

Vanquished Creatures (collateral kills)
  A gnoll (D:4)
  A jackal (D:5)
  A ball python (D:4)
  2 bats (D:2)
  A goblin (D:3)
6 creatures vanquished.

Grand Total: 104 creatures vanquished

Notes
Turn   | Place    | Note
-------+----------+-------------------------------------------
     0 | D:1      | promet the Vine Stalker Necromancer began the quest for the
                  | Orb.
     0 | D:1      | Reached XP level 1. HP: 9/9 MP: 4/4
   579 | D:1      | Reached XP level 2. HP: 13/13 MP: 6/6
  1337 | D:2      | Reached XP level 3. HP: 7/16 MP: 0/7
  1446 | D:2      | Found an iron altar of Okawaru.
  1841 | D:2      | Reached XP level 4. HP: 20/21 MP: 4/9
  2389 | D:3      | Found Otiwein's Armour Shoppe.
  2439 | D:3      | Found a hide-covered altar of Uskayaw.
  2439 | D:3      | Found a sparkling altar of Nemelex Xobeh.
  2881 | D:4      | Learned a level 3 spell: Vampiric Draining
  3085 | D:4      | Reached skill level 1 in Fighting
  3085 | D:4      | Reached XP level 5. HP: 25/25 MP: 9/11
  3424 | D:4      | Reached skill level 5 in Necromancy
  3611 | D:4      | Noticed Menkaure
  3881 | D:5      | Entered Level 5 of the Dungeon
  4134 | D:5      | Found a glowing drain.
  4390 | D:5      | Reached XP level 6. HP: 28/30 MP: 3/12
  5279 | D:5      | Found a staircase to the Ecumenical Temple.
  5898 | D:6      | Learned a level 2 spell: Scorch
  5925 | D:6      | Noticed Grinder
  5946 | D:6      | Paralysed by Grinder for 5 turns
  5952 | D:6      | Paralysed by Grinder for 5 turns
  5959 | D:6      | Killed Grinder
  5960 | D:6      | Reached skill level 1 in Fire Magic
  5960 | D:6      | Reached XP level 7. HP: 26/35 MP: 5/14
  6661 | D:6      | Reached skill level 6 in Necromancy
  6849 | D:6      | Reached skill level 1 in Axes
  7181 | D:6      | Slain by a sky beast

Illustrated notes

Levels and vault maps discovered:
D:1:      eino_arrival_cavern_b, layout_rooms, dk_noncrumbling_2,
          minmay_misc_feat_roman
D:2:      layout_loops_cross, basic_altar
D:3:      layout_basic, nicolae_overflow_two_pavilions, serial_shops, shop
D:4:      layout_rooms, minmay_misc_feat_rows, uniq_menkaure
D:5:      layout_cave_pods, minmay_temple_entry_glass,
          cheibrodos_sewer_entry_bend, grunt_ministairs_1
D:6:      layout_cave_pods, uniq_prince_ribbit1, uniq_grinder

Skill      XL: |  1  2  3  4  5  6  7 |
---------------+----------------------+-----
Spellcasting   | 3 4 |  4.8
Fighting       | 1 2 |  2.6
Stealth        | 3 |  3.4
Dodging        | 2 |  2.3
Necromancy     | 5 6 |  6.1
Fire Magic     | 1 2 |  2.0
Axes           | 1 |  1.0
Short Blades   | |  0.5
Throwing       | |  0.4
Evocations     | |  0.6

Action                     |  1- 3 |  4- 6 |  7- 9 || total
---------------------------+-------+-------+-------++-------
  Melee: Dagger            |     7 |       |       ||     7
         Short sword       |    25 |    38 |       ||    63
         Bite              |     5 |    26 |     8 ||    39
         War axe           |       |    51 |       ||    51
         Hand axe          |       |       |    41 ||    41
         Punch             |       |       |     1 ||     1
  Throw: Dart              |     2 |     6 |       ||     8
   Cast: Necrotise         |    33 |    91 |    30 ||   154
         Vampiric Draining |       |     6 |     1 ||     7
  Evoke: Wand              |       |    10 |       ||    10
    Use: Scroll            |     4 |     7 |       ||    11
         Potion            |     1 |     2 |     1 ||     4
   Stab: Sleeping          |     4 |     8 |       ||    12
         Invisible         |     1 |       |       ||     1
 Armour: Robe              |    31 |   102 |    45 ||   178
  Dodge: Dodged            |    33 |   101 |    24 ||   158

Table legend: (Time is in decaauts)
 A = Elapsed time spent in this place.
 B = Non-inter-level travel time spent in this place.
 C = Inter-level travel time spent in this place.
 D = Time resting spent in this place.
 E = Time spent auto-exploring this place.
 F = Levels seen in this place.
 G = Mean time per level.
                   A        B        C        D        E       F      G
               +--------+--------+--------+--------+--------+-----+--------+
         Total |   7222 |   7087 |    135 |   2387 |   1928 |   6 | 1203.7 |
       Dungeon |   7222 |   7087 |    135 |   2387 |   1928 |   6 | 1203.7 |
               +--------+--------+--------+--------+--------+-----+--------+

Top non-repeatable levels by time:
     D:5: 1563 daAuts
     D:4: 1496 daAuts
     D:6: 1305 daAuts
     D:1: 1207 daAuts
     D:2: 977 daAuts
     D:3: 671 daAuts
